 Dungeon Crawl Stone Soup version 0.28-a0-1087-gf3fc490d9d (webtiles) character file.

Game seed: 7241277437001310078

5917 ytrimaz the Martial Artist (level 10, -4/81 HPs)
             Began as an Octopode Transmuter on Dec 10, 2021.
             Was an Initiate of Ashenzari.
             Slain by a killer bee (7 damage)
             ... on level 8 of the Dungeon.
             The game lasted 00:09:52 (12435 turns).

ytrimaz the Martial Artist (Octopode Transmuter)   Turns: 12435, Time: 00:09:52

Health: -4/81      AC:  8    Str:  9    XL:     10   Next: 83%
Magic:  4/21       EV: 10    Int: 20    God:    Ashenzari [......]
Gold:   1189       SH:  0    Dex: 13    Spells: 14/24 levels left

rFire   x . .      SeeInvis .     - Unarmed
rCold   + + +      Faith    +   (shield currently unavailable)
rNeg    + + .      Spirit   .   (helmet currently unavailable)
rPois   +          Reflect  .   r - amulet of faith
rElec   .          Harm     .   a - ring "Tethered Gnosis" {rN+, Evo, Alch} (curse)
rCorr   .          Rampage  .   i - ring of wizardry
Will    .....                   p - ring of positive energy
Stlth   +.........              (no ring)
HPRegen 0.23/turn               (no ring)
MPRegen 0.17/turn               (no ring)
                                (no ring)
                                (no ring)

@: ice-form, studying Crossbows
A: freezing attack, boosted hp, almost no armour, amphibious, 8 rings, large,
(camouflage 1), (gelatinous body 1), (nimble swimmer 1), (tentacles)
a: End Transformation, Renounce Religion, Shatter the Chains


You were on level 8 of the Dungeon.
You worshipped Ashenzari.
Ashenzari was noncommittal.
You were a creature of crystalline ice.
You visited 2 branches of the dungeon, and saw 10 of its levels.

You collected 1261 gold pieces.
You spent 72 gold pieces at shops.

Inventory:

Missiles
 o - 2 throwing nets
Jewellery
 a - the cursed ring "Tethered Gnosis" (left front paw) {rN+, Evo, Alch}
   (You found it on level 1 of the Dungeon)

   [ring of positive energy]

   rN:        It protects you from negative energy.
   It has a curse which improves the following skills: Evocations: Evocations.
   Alchemy:   Poison Magic and Transmutations.
 i - a ring of wizardry (right front paw)
 m - a ring of fire
 p - a ring of positive energy (on tentacle)
 r - an amulet of faith (around neck)
Wands
 c - a wand of charming (6)
Scrolls
 h - 2 scrolls of fear
 k - 2 scrolls of teleportation
 l - a scroll of summoning
 q - a scroll of enchant weapon
Potions
 b - 2 potions of attraction
 d - a potion of flight
 e - 2 potions of lignification
 f - a potion of berserk rage {unknown}
 g - 4 potions of curing
 n - 2 potions of mutation {unknown}


   Skills:
 * Level 6.0 Fighting
 - Level 2.0 Dodging
 + Level 9.6 Unarmed Combat
 * Level 7.5 Spellcasting
 * Level 7.6(8.1) Transmutations
 - Level 0.7 Ice Magic
 - Level 5.0(5.5) Poison Magic


You had 14 spell levels left.
You knew the following spells:

 Your Spells              Type           Power      Damage    Failure   Level
a - Beastly Appendage     Tmut           80%        N/A       1%          1
b - Wereblood             Tmut           40%        N/A       1%          2
c - Spider Form           Tmut/Pois      34%        N/A       1%          3
d - Ice Form              Ice/Tmut       25%        N/A       6%          4

Your spell library contained the following spells:

 Spells                   Type           Power      Damage    Failure   Level
 Summon Ice Beast         Ice/Summ       8%         N/A       30%         4
 Summon Mana Viper        Hex/Summ       7%         N/A       65%         5
 Monstrous Menagerie      Summ           3%         N/A       100%        7


Dungeon Overview and Level Annotations

Branches:
Dungeon (9/15)             Temple (1/1) D:7
   Lair: D:8-11         Orc: D:9-12

Altars:
Ashenzari
Cheibriados
Dithmenos
Elyvilon
Fedhas
Hepliaklqana
Kikubaaqudgha
Makhleb
Okawaru
Qazlal
Ru
Sif Muna
Trog
Uskayaw
Vehumet
Wu Jian
Xom
Yredelemnul
Zin
The Shining One

Shops:
D:5 =   D:7 ?   D:8 (

Annotations:
D:4 1 runed translucent door, Dvallin's ghost, amateur TrCA


Innate Abilities, Weirdness & Mutations

You are a creature of crystalline ice.
You have a powerful freezing melee attack.
Your maximum health is increased.
Your armour is entirely melded.
You are incapable of wielding weapons or throwing items.
You cannot wear most types of armour.
You are amphibious.
You can wear up to eight rings at the same time.
((Your skin changes colour to match your surroundings (Stealth+).))
((Your rubbery body absorbs attacks. (AC +1, EV +1)))
((You are camouflaged near water. (Stealth+)))
((You have tentacles for arms and can constrict up to eight enemies at once.))


Message History

You hit the killer bee. You freeze the killer bee.
The killer bee is severely wounded.
The killer bee barely misses you.
The killer bee stings you but does no damage.
The killer bee closely misses you. The killer bee barely misses you.
Unknown command.
You closely miss the killer bee.
The killer bee is severely wounded.
The killer bee stings you.
* * * LOW HITPOINT WARNING * * *
The killer bee misses you. The killer bee barely misses you.
Unknown command.
You barely miss the killer bee.
The killer bee is severely wounded.
The killer bee stings you.
* * * LOW HITPOINT WARNING * * *
You are poisoned.
The killer bee poisons you! The killer bee barely misses you. x2
The killer bee stings you.
* * * LOW HITPOINT WARNING * * *
You pummel the killer bee!! You freeze the killer bee.
You kill the killer bee!
* * * LOW HITPOINT WARNING * * *
You feel sick. The killer bee barely misses you.
Unknown command.
You feel better.
The killer bee stings you but does no damage. x2
Unknown command.
You barely miss the killer bee. The killer bee stings you.
* * * LOW HITPOINT WARNING * * *
The killer bee closely misses you.
You closely miss the killer bee. The killer bee stings you.
* * * LOW HITPOINT WARNING * * *
Unknown command.
You hit the killer bee. You freeze the killer bee.
The killer bee is moderately wounded.
The killer bee stings you!
* * * LOW HITPOINT WARNING * * *
The killer bee stings you!
You die...

#.######.##...................##
#.# #......(.........#.#.....
#.### ###...........##...##....
#...# ###..........####.......
#...#####............# ##...##.
###....##.#.#.......#####..####.
###...#.#................# #.
#.......#...y.......####.# #.
#.......#....Y......# #.# ##.
#.......#....†......# #.# #..
#...................# #.# #.#
#.......#.#.........# #.# #.#
#.......#.#......#..## #.# #)#
#.......#.###...##...###.# #)#
###...###.....#..#.#..##.###)#
##...............##.##.##..)
####.#.#.....#.##.###.##..#.#.


You could see a killer bee.

Vanquished Creatures
  A two-headed ogre (D:8)
  Pikel (D:5)
  Prince Ribbit (D:7)
  A vampire (D:8)
  5 yaks (D:8)
  Grum (D:8)
  2 ice beasts (D:6)
  A sky beast (D:6)
  5 ogres
  2 centaurs
  2 necrophages (D:6)
  2 wolves (D:8)
  A lemure (D:5)
  2 bullfrogs (D:8)
  2 gnoll sergeants (D:8)
  A wyvern skeleton (D:7)
  A wyvern zombie (D:6)
  A scorpion (D:4)
  2 water moccasin zombies
  4 killer bees
  15 wights
  2 howler monkeys (D:8)
  7 hounds
  2 jellies
  3 orc priests
  A centaur skeleton (D:7)
  5 iguanas
  5 orc wizards
  Robin (D:4)
  3 hound skeletons
  A howler monkey zombie (D:8)
  17 gnolls
  7 adders
  A shadow imp (D:7)
  A white imp (D:7)
  A worm (D:2)
  2 dart slugs
  22 orcs
  3 endoplasms
  2 giant cockroaches
  10 goblins
  8 hobgoblins
  5 jackals
  6 quokkas
  6 ball pythons
  10 bats
  A frilled lizard (D:1)
  9 kobolds
  7 rats
201 creatures vanquished.

Vanquished Creatures (others)
  25 plants
  2 withered plants (D:4)
27 creatures vanquished.

Grand Total: 228 creatures vanquished

Notes
Turn   | Place    | Note
-------+----------+-------------------------------------------
     0 | D:1      | ytrimaz the Octopode Transmuter began the quest for the
                  | Orb.
     0 | D:1      | Reached XP level 1. HP: 13/13 MP: 3/3
   474 | D:1      | Reached XP level 2. HP: 18/18 MP: 3/5
   926 | D:1      | Found a faded altar of an unknown god.
  1292 | D:1      | Reached XP level 3. HP: 23/23 MP: 4/6
  1297 | D:1      | Learned a level 2 spell: Wereblood
  1301 | D:1      | Learned a level 3 spell: Spider Form
  2130 | D:2      | Reached XP level 4. HP: 29/29 MP: 7/7
  2733 | D:3      | Found a stormy altar of Qazlal.
  3045 | D:3      | Identified a scroll of acquirement
  3045 | D:3      | Acquired 982 gold pieces
  3177 | D:3      | Found a glowing golden altar of the Shining One.
  3528 | D:4      | Reached skill level 1 in Poison Magic
  3542 | D:4      | Found an ornate altar of the Wu Jian Council.
  3552 | D:4      | Reached XP level 5. HP: 14/34 MP: 9/9
  3737 | D:4      | Reached skill level 4 in Unarmed Combat
  3821 | D:4      | Noticed Robin
  3831 | D:4      | Killed Robin
  4315 | D:4      | Reached XP level 6. HP: 33/39 MP: 10/10
  5108 | D:4      | Found a runed translucent door.
  5109 | D:4      | Noticed Dvallin's ghost (amateur TrCA)
  5135 | D:4      | Reached XP level 7. HP: 45/45 MP: 10/12
  5153 | D:4      | Reached skill level 5 in Unarmed Combat
  5427 | D:5      | Entered Level 5 of the Dungeon
  5835 | D:5      | Learned a level 4 spell: Ice Form
  5964 | D:5      | Found a burning altar of Makhleb.
  5964 | D:5      | Noticed a blizzard demon
  5983 | D:5      | Found a bloodstained altar of Trog.
  6124 | D:5      | Reached XP level 8. HP: 38/52 MP: 14/14
  6223 | D:5      | Found Beixt's One-of-a-Kind Rings.
  6224 | D:5      | Noticed Pikel
  6252 | D:5      | Killed Pikel
  6253 | D:5      | Reached skill level 6 in Unarmed Combat
  6597 | D:5      | Found a hazy altar of Hepliaklqana.
  6958 | D:6      | Reached skill level 5 in Transmutations
  7143 | D:6      | Reached skill level 5 in Spellcasting
  7471 | D:6      | Reached XP level 9. HP: 58/58 MP: 12/16
  7832 | D:6      | Reached skill level 7 in Unarmed Combat
  8081 | D:6      | Reached skill level 5 in Poison Magic
  9309 | D:6      | Reached skill level 5 in Fighting
  9868 | D:7      | Reached skill level 8 in Unarmed Combat
 10050 | D:7      | Found a staircase to the Ecumenical Temple.
 10062 | Temple   | Entered the Ecumenical Temple
 10163 | Temple   | Became a worshipper of Ashenzari the Shackled
 10254 | D:7      | Found Hubi's Magic Scroll Boutique.
 10267 | D:7      | Bought a scroll of identify for 24 gold pieces
 10267 | D:7      | Bought a scroll of identify for 24 gold pieces
 10267 | D:7      | Bought a scroll of identify for 24 gold pieces
 10412 | D:7      | Noticed Prince Ribbit
 10424 | D:7      | Killed Prince Ribbit
 10425 | D:7      | Reached XP level 10. HP: 45/66 MP: 15/19
 10623 | D:8      | Noticed a two-headed ogre
 10637 | D:8      | Killed a two-headed ogre
 11208 | D:8      | Found Arequm's Weapon Emporium.
 11387 | D:8      | Found a glowing silver altar of Zin.
 11393 | D:8      | Found a shimmering altar of Xom.
 11394 | D:8      | Noticed an angel
 11412 | D:8      | HP: 3/78 [gnoll (4)]
 11724 | D:8      | Noticed Grum
 11744 | D:8      | Reached skill level 9 in Unarmed Combat
 11766 | D:8      | Killed Grum
 12181 | D:8      | Found a snail-covered altar of Cheibriados.
 12387 | D:9      | Found an ancient bone altar of Kikubaaqudgha.
 12435 | D:8      | HP: 3/81 [killer bee (8)]
 12435 | D:8      | Slain by a killer bee

Illustrated notes

Levels and vault maps discovered:
D:1:      wander_arrival_chamber, layout_rooms,
          hellmonk_ecumenical_altar_blasted
D:2:      layout_basic
D:3:      layout_rooms, nicolae_qazlal_scattered_showers, tso_altar,
          hangedman_decor_growths
D:4:      layout_basic, overflow_temple_1_default, gammafunk_ghost_grave,
          uniq_robin
D:5:      layout_basic, nicolae_hepliaklqana_hazy_memory,
          makhleb_altar_promises_db, mainiacjoe_overflow_chevrons,
          nicolae_shop_unique_rings, due_unseen_surprise, uniq_pikel
D:6:      layout_loops_ring, uniq_maggie
D:7:      layout_loops_cross, minmay_temple_entry_purple_smoke, serial_shops,
          shop, uniq_prince_ribbit1
D:8:      layout_rooms, grunt_temple_overflow_order_and_chaos_1,
          chei_slow_surprise, serial_shops, shop, dk_rats_in_the_wall, uniq_grum
D:9:      kennysheep_windowed_halls, layout_stronghold, lemuel_crystal_altar,
          mainiacjoe_overflow_small_starburst, nicolae_looking_at_the_future
Temple:   zaba_magenta_temple

Skill      XL: |  1  2  3  4  5  6  7  8  9 10 |
---------------+-------------------------------+-----
Fighting       | 2 3 4 5 6 |  6.0
Poison Magic   | 1 2 3 4 5 |  5.0
Unarmed Combat | 4 5 6 8 9 |  9.6
Spellcasting   | 3 4 5 6 7 |  7.5
Transmutations | 3 4 5 6 7 |  7.6
Dodging        | |  2.0
Ice Magic      | |  0.7

Action                   |  1- 3 |  4- 6 |  7- 9 | 10-12 || total
-------------------------+-------+-------+-------+-------++-------
Melee: Unarmed           |   108 |   103 |   275 |   130 ||   616
       Constrict         |    23 |    26 |     9 |     1 ||    59
       Tentacles         |    14 |    25 |     9 |     1 ||    49
       Kick              |    12 |    14 |     1 |       ||    27
       Punch             |     1 |     1 |     2 |       ||     4
 Cast: Beastly Appendage |     9 |    11 |     2 |       ||    22
       Spider Form       |     1 |     3 |    10 |     1 ||    15
       Wereblood         |       |     1 |     5 |     4 ||    10
       Ice Form          |       |       |    23 |    10 ||    33
Invok: Curse Item        |       |       |       |     1 ||     1
  Use: Potion            |     2 |       |       |     4 ||     6
       Scroll            |     2 |     7 |     5 |     1 ||    15
 Stab: Sleeping          |     1 |    12 |     2 |       ||    15
Armor: Skin              |    12 |     3 |    50 |    40 ||   105
Dodge: Dodged            |    84 |    63 |   133 |   112 ||   392

Table legend: (Time is in decaauts)
 A = Elapsed time spent in this place.
 B = Non-inter-level travel time spent in this place.
 C = Inter-level travel time spent in this place.
 D = Time resting spent in this place.
 E = Time spent auto-exploring this place.
 F = Levels seen in this place.
 G = Mean time per level.
                   A        B        C        D        E       F      G
               +--------+--------+--------+--------+--------+-----+--------+
         Total |  12365 |  12141 |    224 |    727 |   9706 |  10 | 1236.5 |
       Dungeon |  12250 |  12038 |    212 |    727 |   9640 |   9 | 1361.1 |
        Temple |    114 |    102 |     12 |      0 |     66 |   1 |  114.0 |
               +--------+--------+--------+--------+--------+-----+--------+

Top non-repeatable levels by time:
     D:6: 2706 daAuts
     D:4: 1949 daAuts
     D:8: 1649 daAuts
     D:1: 1590 daAuts
     D:5: 1470 daAuts
     D:2: 974 daAuts
     D:3: 895 daAuts
     D:7: 873 daAuts
     D:9: 140 daAuts
  Temple: 114 daAuts
